Map: Orbital Shipyard

Players

DARKING

  • Race: Terran Terran
  • League: Platinum

kel - Winner!

  • Race: Zerg Zerg

Event: Gauntlet LotV Series 1 Qualifier 1

VOD

Have the link to the VOD?

Description

Time

  • Played on: Nov. 22, 2015, 4:15 p.m.
  • Length: 6:00

All games in this series

Show
View Real Time Build Order
Export as new Build Order

DARKING Terran 

Build Orders: Liberator Opening, Reaper Expand 

Get SALT Encoding   

  12  0:01  SCV  
  13  0:14  SCV  
  14  0:18  Supply Depot  
  14  0:26  SCV  
  15  0:40  SCV  
  15  0:41  Barracks  
  16  0:45  Refinery  
  16  0:52  SCV  
  17  1:04  SCV  
  18  1:16  SCV  
  19  1:33  Reaper  
  19  1:34  Orbital Command  
  19  1:35  Supply Depot  
  20  1:55  Command Center  
  20  2:02  SCV  
  21  2:16  SCV  
  21  2:19  Factory  
  22  2:27  Barracks Reactor  
  23  2:30  SCV  
  23  2:43  SCV  
  23  2:59  Refinery  
  23  3:01  Supply Depot  
  23  3:03  Marine x2  
  25  3:07  Starport  
  25  3:10  Orbital Command  
  25  3:16  Hellion  
  25  3:17  SCV  
  28  3:27  Marine x2  
  28  3:31  SCV  
  31  3:38  Hellion  
  31  3:40  SCV  
  34  3:42  Liberator  
  34  3:46  Marine  
  34  3:47  Marine  
  36  3:49  SCV  
  37  4:00  Command Center  
  40  4:11  Marine  
  40  4:12  Hellion, Marine  
  44  4:19  SCV x2  
  46  4:38  Liberator  
  43  4:53  Marine  
  43  4:54  Hellion x2  
  43  4:57  SCV x2  
  53  5:10  Marine  
  51  5:23  Hellion x2  
  52  5:28  Marine  
  52  5:29  Orbital Command  
  52  5:32  Factory  
Show
View Real Time Build Order
Export as new Build Order

kel Zerg - Winner!

Build Orders: Hatch First 

Get SALT Encoding   

  12  0:01  Drone  
  13  0:13  Overlord  
  13  0:19  Drone  
  14  0:24  Extractor  
  14  0:26  Drone  
  15  0:35  Drone  
  16  0:38  Drone  
  17  0:55  Hatchery  
  16  0:58  Drone  
  16  1:02  Extractor  
  16  1:06  Drone  
  17  1:22  Spawning Pool  
  16  1:26  Drone  
  16  1:30  Drone  
  18  1:37  Drone  
  19  1:45  Drone  
  20  1:49  Extractor  
  20  1:51  Overlord  
  20  2:05  Extractor  
  19  2:09  Queen  
  19  2:11  Metabolic Boost  
  19  2:13  Zergling x4  
  24  2:19  Drone, Extractor  
  24  2:21  Drone  
  26  2:25  Drone, Extractor  
  26  2:31  Drone  
  26  2:37  Drone  
  28  2:39  Queen  
  30  2:52  Drone x3  
  30  2:58  Drone  
  34  3:00  Extractor  
  34  3:01  Roach Warren  
  32  3:13  Overlord x3  
  32  3:20  Drone  
  32  3:21  Drone  
  34  3:42  Roach x3  
  34  3:43  Roach x2  
  34  3:46  Roach  
  46  3:52  Roach x2  
  46  3:53  Roach  
  51  4:11  Zergling x8  
  51  4:12  Zergling x2  
  56  4:19  Overlord  
  56  4:26  Overlord  
  56  4:31  Zergling x2  
  56  4:32  Zergling x4  
  56  4:33  Overlord  
  58  4:54  Ravager x3  
  58  4:57  Drone x10  
  68  5:23  Overlord  
  68  5:33  Zergling x10  
Tags
 
Add a new tag
Caveats
  • Supply blocks, unpowered buildings, or Contaminate may cause inaccurate times.
  • Supply counts are checked every 10 seconds.